 Dungeon Crawl Stone Soup version 0.22.0 (webtiles) character file.

84 Blackhawk the Shield-Bearer (level 4, -1/41 HPs)
             Began as a Gnoll Fighter on Oct 21, 2018.
             Killed by divine providence
             ... invoked by an orc priest
              (14 damage)
             ... on level 3 of the Dungeon.
             The game lasted 00:03:42 (1999 turns).

Blackhawk the Shield-Bearer (Gnoll Fighter)         Turns: 1999, Time: 00:03:43

Health: -1/41      AC:  6    Str: 19    XL:     4   Next: 45%
Magic:  5/5        EV:  9    Int: 11    God:
Gold:   95         SH: 10    Dex: 14    Spells: 5/5 levels left

rFire    . . .     SeeInvis .   a - +0 war axe
rCold    . . .     Gourm    .   c - +0 shield
rNeg     . . .     Faith    .   l - +0 ring mail (curse)
rPois    .         Spirit   .   (no helmet)
rElec    .         Reflect  .   (no cloak)
rCorr    .         Harm     .   (no gloves)
MR       .....                  (no boots)
Stlth    +.........             (no amulet)
HPRegen  0.13/turn              (no ring)
MPRegen  0.09/turn              (no ring)

@: no status effects
A: distributed training, fangs 1, strong nose
a: no special abilities


You were on level 3 of the Dungeon.
You were not hungry.

You visited 1 branch of the dungeon, and saw 3 of its levels.

You collected 95 gold pieces.

Inventory:

Hand Weapons
 a - a +0 war axe (weapon)
 p - a +0 hunting sling
Missiles
 e - 20 stones (quivered)
Armour
 b - a +0 scale mail
 c - a +0 shield (worn)
 l - a cursed +0 ring mail (worn)
Jewellery
 m - an uncursed ring of magical power {unknown}
 t - a +2 ring of strength {unknown}
Scrolls
 g - a scroll of amnesia {unknown}
 j - a scroll of random uselessness {unknown}
 n - 2 scrolls of teleportation {unknown}
 q - a scroll of remove curse {unknown}
 s - a scroll of magic mapping {unknown}
Potions
 d - a potion of might
 i - a potion of flight {unknown}
 k - 2 potions of lignification {unknown}
 o - a potion of curing {unknown}
 r - a potion of heal wounds {unknown}
 u - a potion of berserk rage {unknown}
Comestibles
 f - 4 rations
 h - 5 chunks of flesh


   Skills:
 + Level 6.6 Fighting
 + Level 1.1 Short Blades
 + Level 1.1 Long Blades
 + Level 4.6 Axes
 + Level 1.1 Maces & Flails
 + Level 1.1 Polearms
 + Level 1.1 Staves
 + Level 1.1 Slings
 + Level 1.1 Bows
 + Level 1.1 Crossbows
 + Level 1.1 Throwing
 + Level 6.6 Armour
 + Level 1.1 Dodging
 + Level 1.1 Stealth
 + Level 6.6 Shields
 + Level 1.1 Unarmed Combat
 + Level 1.1 Spellcasting
 + Level 0.9 Conjurations
 + Level 0.9 Hexes
 + Level 0.9 Charms
 + Level 0.9 Summonings
 + Level 0.9 Necromancy
 + Level 0.9 Translocations
 + Level 0.9 Transmutations
 + Level 0.9 Fire Magic
 + Level 0.9 Ice Magic
 + Level 0.9 Air Magic
 + Level 0.9 Earth Magic
 + Level 0.9 Poison Magic
 + Level 1.2 Invocations
 + Level 1.1 Evocations


You had 5 spell levels left.
You didn't know any spells.
Your spell library was empty.

Dungeon Overview and Level Annotations

Branches:
Dungeon (3/15)

Altars:


Innate Abilities, Weirdness & Mutations

Your experience applies equally to all skills.
You have very sharp teeth.
Your uncanny sense of smell can sniff out nearby items.


Message History

You are too injured to fight recklessly!
The orc throws a tomahawk.
The tomahawk hits you but does no damage.
You see here 2 tomahawks.
The orc throws a tomahawk.
You block the tomahawk.
You see here 2 tomahawks.
The orc priest begins to cast a cantrip, but forgets the words!
You see here a tomahawk.
You are too injured to fight recklessly!
You are too injured to fight recklessly!
You are too injured to fight recklessly!
You are too injured to fight recklessly!
You slash the orc!
You kill the orc!
You barely miss the orc. Your bite misses the orc. The orc hits you.
You slash the orc!
You kill the orc!
The orc priest invokes the aid of Beogh against you.
Beogh smites you!
You die...

........ #.#
##........#.#
#........#.# ....
#.# ### #.# #.#
#.#####.###
#.........#
####+##+#####.###
.........o[@..#
...!$....(#####
...?....(.#
..........#
........o.#
..........#
......[>..#
..........#
#########.. ∆


You could see an orc priest.

Vanquished Creatures
  An adder (D:2)
  An ooze (D:2)
  A worm (D:2)
  A leopard gecko (D:2)
  2 orcs (D:3)
  2 ball pythons
  4 giant cockroaches
  10 goblins
  5 hobgoblins
  11 jackals
  4 bats (D:2)
  4 frilled lizards
  9 kobolds
  5 rats
60 creatures vanquished.

Notes
Turn   | Place    | Note
-------+----------+-------------------------------------------
     0 | D:1      | Blackhawk the Gnoll Fighter began the quest for the Orb.
     0 | D:1      | Reached XP level 1. HP: 23/23 MP: 1/1
    64 | D:1      | Reached XP level 2. HP: 22/29 MP: 2/2
  1020 | D:2      | Reached XP level 3. HP: 35/35 MP: 3/3
  1156 | D:2      | Reached skill level 1 in Invocations
  1532 | D:2      | Reached skill level 1 in Short Blades
  1532 | D:2      | Reached skill level 1 in Long Blades
  1532 | D:2      | Reached skill level 1 in Maces & Flails
  1532 | D:2      | Reached skill level 1 in Polearms
  1532 | D:2      | Reached skill level 1 in Staves
  1532 | D:2      | Reached skill level 1 in Slings
  1532 | D:2      | Reached skill level 1 in Bows
  1532 | D:2      | Reached skill level 1 in Crossbows
  1532 | D:2      | Reached skill level 1 in Throwing
  1532 | D:2      | Reached skill level 1 in Dodging
  1532 | D:2      | Reached skill level 1 in Stealth
  1532 | D:2      | Reached skill level 1 in Unarmed Combat
  1532 | D:2      | Reached skill level 1 in Spellcasting
  1532 | D:2      | Reached skill level 1 in Evocations
  1542 | D:2      | Reached XP level 4. HP: 40/41 MP: 5/5
  1999 | D:3      | Killed from afar by an orc priest

Skill      XL: |  1  2  3 |
---------------+----------+-----
Invocations    | 1 |  1.2
Short Blades   | 1 |  1.1
Long Blades    | 1 |  1.1
Maces & Flails | 1 |  1.1
Polearms       | 1 |  1.1
Staves         | 1 |  1.1
Slings         | 1 |  1.1
Bows           | 1 |  1.1
Crossbows      | 1 |  1.1
Throwing       | 1 |  1.1
Dodging        | 1 |  1.1
Stealth        | 1 |  1.1
Unarmed Combat | 1 |  1.1
Spellcasting   | 1 |  1.1
Evocations     | 1 |  1.1
Fighting       | |  6.6
Axes           | |  4.6
Armour         | |  6.6
Shields        | |  6.6
Conjurations   | |  0.9
Hexes          | |  0.9
Charms         | |  0.9
Summonings     | |  0.9
Necromancy     | |  0.9
Translocations | |  0.9
Transmutations | |  0.9
Fire Magic     | |  0.9
Ice Magic      | |  0.9
Air Magic      | |  0.9
Earth Magic    | |  0.9
Poison Magic   | |  0.9

Action                   |  1- 3 |  4- 6 || total
-------------------------+-------+-------++-------
Melee: War axe           |   115 |    29 ||   144
       Bite              |     8 |     2 ||    10
  Eat: Chunk             |     2 |     2 ||     4
Armor: Scale mail        |    19 |       ||    19
       Ring mail         |    29 |     6 ||    35
Dodge: Dodged            |    34 |     7 ||    41
Block: Shield            |    63 |    21 ||    84
